[Event "Team 45 45 League T87"]
[Site "Internet Chess Club"]
[Date "2021.01.25"]
[Round "3"]
[White "harrington"]
[Black "Balderdash"]
[Result "1-0"]
[WhiteElo "1325"]
[BlackElo "1155"]
[Opening "King's knight opening"]
[ECO "C40"]
[Time "20:00:19"]
[TimeControl "2700+45"]

1. e4 e5 2. Nf3 Bc5 3. Nc3 Nf6 4. Bc4 O-O 5. d3 d5 6. exd5 Ng4 7. O-O Qd6 8. Ne4
Bxf2+ 9. Nxf2 Nxf2 10. Rxf2 Bg4 11. h3 Bxf3 12. Qxf3 Nd7 13. b3 Nb6 14. Bb2 Nxc4
15. dxc4 Rae8 16. a4 Qc5 17. Ba3 Qd4 18. c3 e4 19. cxd4 exf3 20. Rxf3 Re4 21.
Bxf8 Kxf8 22. Rd1 g6 23. c5 a5 24. d6 cxd6 25. cxd6 Re8 26. Rc1 Rd8 27. Rc7 Rxd6
28. Rfxf7+ Kg8 29. Rg7+ Kh8 30. Rxh7+ Kg8 31. Rhd7 Rf6 32. Rd8+ Rf8 33. Rxf8+
Kxf8 34. Rxb7 g5 35. d5 Ke8 36. d6 Kd8 37. g3 Kc8 38. Rc7+ Kd8 39. h4 g4 40. h5
Ke8 41. h6 Kf8 42. Rg7 Ke8 43. h7 Kf8 44. Ra7 {Black resigns} 1-0

[Event "Team 45 45 League T87"]
[Site "Internet Chess Club"]
[Date "2021.01.23"]
[Round "3"]
[White "oldbookseller"]
[Black "woofgang"]
[Result "0-1"]
[WhiteElo "1083"]
[BlackElo "1206"]
[Opening "King's Indian: East Indian defense"]
[ECO "A48"]
[Time "13:00:31"]
[TimeControl "2700+45"]

1. d4 Nf6 2. Nf3 g6 3. e3 Bg7 4. Bd3 d6 5. b3 O-O 6. Bb2 Nc6 7. O-O Nd7 8. c3 e5
9. Nbd2 f5 10. e4 f4 11. Nc4 Nf6 12. dxe5 dxe5 13. Qe2 Ng4 14. Rfe1 b5 15. Ncxe5
Ncxe5 16. Bxb5 Nxf3+ 17. Qxf3 Qh4 18. Bc4+ Kh8 19. h3 Ne5 20. Qe2 f3 21. Qe3
fxg2 22. Ba3 Nf3+ 23. Kxg2 Bxh3+ {White resigns} 0-1

[Event "Team 45 45 League T87"]
[Site "Internet Chess Club"]
[Date "2021.01.23"]
[Round "3"]
[White "Pawnchain"]
[Black "Chess4Him"]
[Result "0-1"]
[WhiteElo "1340"]
[BlackElo "1553"]
[Opening "Robatsch defense: two knights variation"]
[ECO "B06"]
[Time "14:00:29"]
[TimeControl "2700+45"]

1. e4 g6 2. Nf3 Bg7 3. d4 d6 4. Nc3 a6 5. Bf4 b5 6. Bg3 Bb7 7. Bd3 Nd7 8. Qd2 c5
9. dxc5 Nxc5 10. O-O b4 11. Nd1 Nxe4 12. Bxe4 Bxe4 13. Qe2 Bb7 14. Re1 Nf6 15.
c3 a5 16. cxb4 axb4 17. Bh4 h6 18. h3 g5 19. Bg3 Ba6 20. Qd2 O-O 21. Qxb4 Rb8
22. Qa4 Bb7 23. Nd4 Qc7 24. Nf5 Nd5 25. Nxg7 Kxg7 26. Qd4+ Kg8 27. b3 Qc6 28.
Qe4 Qd7 29. Qd3 Rfc8 30. Ne3 Nb4 31. Qd2 Ba6 32. Nc4 Bxc4 33. bxc4 Rxc4 34. Rac1
Rxc1 35. Qxc1 Nd3 36. Qe3 Nxe1 37. Qxe1 Ra8 38. Qe2 e5 39. Qh5 Qe6 40. Qf3 Rxa2
41. Kh2 f5 42. Qc3 f4 43. Bxf4 gxf4 44. Qb4 {White resigns} 0-1

[Event "Team 45 45 League T87"]
[Site "Internet Chess Club"]
[Date "2021.01.22"]
[Round "3"]
[White "BrerRabbit"]
[Black "smsxman"]
[Result "1-0"]
[WhiteElo "1417"]
[BlackElo "1344"]
[Opening "Queen's pawn"]
[ECO "A40"]
[Time "10:32:54"]
[TimeControl "2700+45"]

1. d4 e6 2. Nf3 Nf6 3. g3 Nc6 4. Bg2 Bb4+ 5. c3 Be7 6. O-O O-O 7. c4 a6 8. Nc3
Rb8 9. a3 b5 10. b3 bxc4 11. bxc4 Bb7 12. Qc2 d5 13. c5 Na5 14. e3 Bc6 15. Nd2
Bb5 16. Nxb5 axb5 17. Nb1 c6 18. Bd2 Nc4 19. Bb4 Na5 20. Nd2 Nb7 21. a4 Qc7 22.
axb5 cxb5 23. Rfb1 Qc6 24. Ra3 Rfc8 25. Qb2 Nd8 26. Qa2 h6 27. Bc3 Ne4 28. Nxe4
dxe4 29. Ra6 Qd5 30. Qxd5 exd5 31. Ra2 Rb7 32. Rab2 Rcb8 33. Bf1 Ne6 34. Rxb5
Rxb5 35. Rxb5 Rc8 36. Ba5 Nc7 37. Rb7 Bd8 38. Bh3 Ne6 39. Bxd8 Rxd8 40. Bf1 Ng5
41. Bb5 Nf3+ 42. Kg2 Ne1+ 43. Kf1 Nf3 44. h4 g5 45. hxg5 hxg5 46. Rb6 Kg7 47.
Bc6 f6 48. Bb7 Rh8 49. c6 Nd2+ 50. Ke2 Nc4 51. Ra6 Nd6 52. c7 Nxb7 53. Ra7 Kg6
54. Rxb7 Rc8 55. f3 Kf5 56. g4+ Kg6 57. fxe4 Kf7 58. exd5 Ke7 59. Kf3 Kd6 60.
Ke4 Re8+ 61. Kf5 Kxd5 62. Rb8 {Black resigns} 1-0

[Event "Team 45 45 League T87"]
[Site "Internet Chess Club"]
[Date "2021.01.22"]
[Round "3"]
[White "Tjet"]
[Black "burlap"]
[Result "1-0"]
[WhiteElo "1327"]
[BlackElo "1172"]
[Opening "King's Indian: fianchetto, classical variation"]
[ECO "E67"]
[Time "16:00:14"]
[TimeControl "2700+45"]

1. c4 Nf6 2. g3 g6 3. Bg2 Bg7 4. d4 O-O 5. Nf3 d6 6. O-O Nbd7 7. Nc3 e5 8. dxe5
dxe5 9. e4 Re8 10. Bg5 h6 11. Be3 Ng4 12. Bd2 Nc5 13. h3 Nf6 14. Be3 b6 15. Bxc5
bxc5 16. Nd5 Nxd5 17. cxd5 Bb7 18. Rc1 Bf8 19. Kh2 c6 20. dxc6 Qxd1 21. Rfxd1
Bxc6 22. Nd2 Rad8 23. Nb3 Rxd1 24. Rxd1 Ba4 25. Rd2 Bxb3 26. axb3 Be7 27. Bf1
Rb8 28. Bc4 a5 29. Rd7 Kf8 30. Ra7 Bd8 31. Rxf7+ Ke8 32. Ra7 Bb6 33. Rh7 h5 34.
Rh8+ {Black resigns} 1-0

[Event "Team 45 45 League T87"]
[Site "Internet Chess Club"]
[Date "2021.01.22"]
[Round "3"]
[White "Ostap-Bender"]
[Black "xingon"]
[Result "1/2-1/2"]
[WhiteElo "1232"]
[BlackElo "1402"]
[Opening "Sicilian: Najdorf, 6...e6"]
[ECO "B95"]
[Time "11:01:39"]
[TimeControl "2700+45"]

1. e4 c5 2. Nf3 d6 3. d4 cxd4 4. Nxd4 Nf6 5. Nc3 a6 6. Bg5 e6 7. Bd3 Be7 8. O-O
O-O 9. Re1 b5 10. a3 Qb6 11. Be3 Qc7 12. Qd2 Ng4 13. Bg5 Ne5 14. Bxe7 Qxe7 15.
Be2 Bb7 16. Rad1 Qh4 17. Nf3 Nxf3+ 18. Bxf3 Rd8 19. Qe3 Nc6 20. g3 Qf6 21. Bg2
d5 22. exd5 exd5 23. Bxd5 Rab8 24. Bxc6 Qxc6 25. Rxd8+ Rxd8 26. Qe4 Qd7 27. Qe2
h6 28. Rd1 Qc7 29. Rxd8+ Qxd8 30. Qd3 Qe7 31. Qe3 Qd7 32. Qd3 Qc6 33. f3 Qxf3
34. Qxf3 Bxf3 35. Na2 a5 36. b4 a4 37. Nc3 Bc6 38. Kf2 Kf8 39. Ke3 Ke7 40. Kd4
Kd6 41. Ne4+ Bxe4 42. Kxe4 h5 43. Kd4 f5 44. c4 bxc4 45. Kxc4 g5 46. Kd4 g4 47.
Ke3 Ke5 48. Kd3 f4 49. gxf4+ Kxf4 50. b5 Ke5 51. b6 Kd6 {Game drawn by mutual
agreement} 1/2-1/2

[Event "Team 45 45 League T87"]
[Site "Internet Chess Club"]
[Date "2021.01.23"]
[Round "3"]
[White "Conjurer"]
[Black "jungleboy"]
[Result "1-0"]
[WhiteElo "1291"]
[BlackElo "1126"]
[Opening "Queen's pawn, Mason variation"]
[ECO "D00"]
[Time "13:02:00"]
[TimeControl "2700+45"]

1. d4 d5 2. Bf4 Bf5 3. Nf3 Nf6 4. e3 e6 5. c4 c6 6. Nc3 Bd6 7. Bg3 Bxg3 8. hxg3
O-O 9. Bd3 g6 10. Ne5 Nbd7 11. Bxf5 exf5 12. f4 Kg7 13. g4 fxg4 14. Nxg4 Nxg4
15. Qxg4 f5 16. Qe2 Nf6 17. O-O-O Ne4 18. Nxe4 dxe4 19. g4 Qa5 20. Kb1 Rac8 21.
Rh3 Rh8 22. Rdh1 c5 23. d5 Rcf8 24. b3 Qd8 25. Qb2+ Qf6 26. g5 Qxb2+ 27. Kxb2
Rd8 28. Rd1 Rd7 29. Rh2 b5 30. a3 bxc4 31. bxc4 Rb7+ 32. Kc3 Rhb8 33. Rc2 Rb3+
34. Kd2 Rxa3 35. d6 Rd3+ 36. Ke2 Rbb3 37. d7 Rxe3+ 38. Kd2 Red3+ 39. Kc1 Rb8 40.
Rxd3 exd3 41. Rd2 Rd8 42. Rxd3 Kf7 43. Rh3 Rxd7 44. Rxh7+ Ke6 45. Rh6 Rg7 46.
Kc2 Kd6 47. Kb2 Kc6 48. Kb3 Kb6 49. Ka4 a5 50. Rh8 Rd7 51. Rb8+ Rb7 52. Rxb7+
Kxb7 53. Kxa5 Kc6 54. Ka6 Kd6 55. Kb6 Kd7 56. Kxc5 Kc7 57. Kd5 Kd7 58. c5 Kd8
59. Ke6 Kc7 60. Kf6 Kc6 61. Kxg6 Kxc5 62. Kxf5 Kd6 63. Kf6 {Black resigns} 1-0

[Event "Team 45 45 League T87"]
[Site "Internet Chess Club"]
[Date "2021.01.22"]
[Round "3"]
[White "kingsrook"]
[Black "howah45"]
[Result "0-1"]
[WhiteElo "1131"]
[BlackElo "1141"]
[Opening "QGD: Marshall defense"]
[ECO "D06"]
[Time "14:01:54"]
[TimeControl "2700+45"]

1. d4 d5 2. c4 Nf6 3. Nc3 c6 4. e3 Bf5 5. cxd5 cxd5 6. Qb3 Qb6 7. Nxd5 Nxd5 8.
Qxd5 e6 9. Qb3 Bb4+ 10. Bd2 Bxd2+ 11. Kxd2 O-O 12. Rc1 Rd8 13. Qc3 Na6 14. Nf3
Qb4 15. Bxa6 Qxc3+ 16. Rxc3 bxa6 17. Rhc1 h6 18. Ke1 Rab8 19. b3 Be4 20. Kf1
Bxf3 21. gxf3 Rb5 22. f4 Ra5 23. R1c2 Rdd5 24. Rc5 Rdxc5 25. dxc5 Rb5 26. c6 Rb8
27. c7 Rc8 28. a4 Kf8 29. b4 Ke7 30. b5 axb5 31. axb5 Kd7 32. Ke2 Rxc7 33. Rxc7+
Kxc7 34. e4 Kb6 35. Kd3 Kxb5 36. Kd4 Kc6 37. e5 a6 38. Kc4 a5 39. f3 g5 40. fxg5
hxg5 41. h3 a4 42. Kb4 Kd5 43. Kxa4 Kxe5 44. Kb3 Kf4 45. Kc4 Kxf3 46. Kd4 f6
{White resigns} 0-1

[Event "Team 45 45 League T87"]
[Site "Internet Chess Club"]
[Date "2021.01.23"]
[Round "3"]
[White "cayo89"]
[Black "ILRE"]
[Result "0-1"]
[WhiteElo "1516"]
[BlackElo "1619"]
[Opening "Queen's pawn game"]
[ECO "D00"]
[Time "12:00:41"]
[TimeControl "2700+45"]

1. d4 Nf6 2. Nc3 d5 3. Bf4 Bf5 4. f3 e6 5. g4 Bg6 6. h4 h6 7. e3 a6 8. h5 Bh7 9.
Bd3 Bxd3 10. Qxd3 c5 11. Nge2 c4 12. Qd2 Bb4 13. Kf2 Nc6 14. Qd1 Bd6 15. Qg1
Bxf4 16. exf4 Qc7 17. Rd1 O-O-O 18. Qg3 Rdg8 19. Na4 Nd7 20. Nac3 Re8 21. g5 Ne7
22. Qg4 g6 23. hxg6 Nxg6 24. Rxh6 Rxh6 25. gxh6 Nf6 26. Qg3 Nh5 27. Qg4 Nhxf4
28. Nxf4 Qxf4 29. Qxf4 Nxf4 30. Rh1 Rh8 31. Ne2 Ng6 32. f4 Ne7 33. Ng3 Rh7 34.
Kf3 f5 35. Ke3 Ng8 36. c3 Rxh6 37. Rxh6 Nxh6 38. Nh5 Ng4+ 39. Kf3 Kd7 40. Ng7
Nf6 41. Kg3 a5 42. Kh4 b5 43. Kg5 Ne4+ 44. Kg6 Ke7 45. Nxf5+ exf5 46. Kxf5 Kd6
47. Kg6 Ke6 48. f5+ Ke7 49. Kg7 b4 50. a3 bxa3 51. bxa3 a4 {White resigns} 0-1

[Event "Team 45 45 League T87"]
[Site "Internet Chess Club"]
[Date "2021.01.23"]
[Round "3"]
[White "Constrictor"]
[Black "liujf"]
[Result "0-1"]
[WhiteElo "1558"]
[BlackElo "1598"]
[Opening "Vienna game"]
[ECO "C28"]
[Time "13:00:43"]
[TimeControl "2700+45"]

1. e4 e5 2. Nc3 Nf6 3. Bc4 Nc6 4. d3 Na5 5. Nge2 Nxc4 6. dxc4 Bc5 7. O-O O-O 8.
Qd3 h6 9. Qg3 Kh7 10. Kh1 d6 11. Na4 Nxe4 12. Qd3 Bf5 13. Qf3 Bg6 14. Nxc5 dxc5
15. Be3 Qh4 16. Rad1 Bh5 17. Qf5+ g6 18. Qxe4 Qxe4 19. Ng3 Qxc4 20. Rd7 Rad8
{White resigns} 0-1

[Event "Team 45 45 League T87"]
[Site "Internet Chess Club"]
[Date "2021.01.23"]
[Round "3"]
[White "vhuffst"]
[Black "Gojira"]
[Result "1-0"]
[WhiteElo "1275"]
[BlackElo "1509"]
[Opening "Queen's pawn, Mason variation"]
[ECO "D00"]
[Time "08:01:23"]
[TimeControl "2700+45"]

1. d4 d5 2. Bf4 Nf6 3. e3 Bf5 4. Bd3 Bg6 5. Nf3 e6 6. c3 c6 7. O-O Ne4 8. Ne5
Nd7 9. Nxg6 hxg6 10. f3 Nef6 11. h3 c5 12. Be2 Qb6 13. Qb3 c4 14. Qxb6 axb6 15.
a3 b5 16. Nd2 Nb6 17. b3 Bxa3 18. bxc4 Bb2 19. Rxa8+ Nxa8 20. c5 Bxc3 21. Bxb5+
Kd8 22. Nb1 Bb4 23. Rc1 Nc7 24. Ba4 Nh5 25. Bd6 Ne8 26. Bh2 Ba5 27. Rc2 Bc7 28.
g4 Nhf6 29. Rb2 Kc8 30. Bxc7 Nxc7 31. Kh2 Na8 32. Na3 Rd8 33. Nb5 Ne8 34. Na7+
Kc7 35. Kg2 b6 36. h4 Kb7 37. Nb5 Rc8 38. Nc3 Ka6 39. Bb5+ Ka5 40. h5 gxh5 41.
Bd3 bxc5 42. Rb5+ Ka6 43. Rb8+ Ka7 44. Rxc8 Nac7 45. dxc5 hxg4 46. fxg4 Kb7 47.
Rd8 Kc6 48. Rc8 Kxc5 49. Nb5 Kb6 50. Rb8+ Kc6 51. Rd8 Nf6 52. g5 Nd7 53. Rc8 Ne5
54. Rxc7+ Kb6 55. Be2 Nc4 56. g6 fxg6 57. Re7 Nxe3+ 58. Kf2 Nc4 59. Nc7 {Black
resigns} 1-0

[Event "Team 45 45 League T87"]
[Site "Internet Chess Club"]
[Date "2021.01.20"]
[Round "3"]
[White "ChessJayden"]
[Black "rookmaster23"]
[Result "1-0"]
[WhiteElo "1704"]
[BlackElo "1702"]
[Opening "Sicilian: Najdorf"]
[ECO "B90"]
[Time "19:00:01"]
[TimeControl "2700+45"]

1. e4 c5 2. Nf3 d6 3. d4 cxd4 4. Nxd4 Nf6 5. Nc3 a6 6. f3 e5 7. Nb3 Be6 8. Be3
Be7 9. Qd2 O-O 10. O-O-O Nbd7 11. g4 b5 12. g5 b4 13. Ne2 Ne8 14. f4 a5 15. f5
a4 16. Nbd4 exd4 17. Nxd4 Bxa2 18. Nc6 Qc7 19. Nxe7+ Kh8 20. Qxb4 Bb3 21. Qc3
Qxc3 22. bxc3 Bxc2 23. Kxc2 a3 24. Ra1 Nc7 25. Bg2 Ne5 26. Rhd1 Nc4 27. Bg1 Rfb8
28. Rdb1 Rb2+ 29. Rxb2 axb2 30. Rxa8+ Nxa8 31. e5 Nc7 32. exd6 Nb5 33. Be4 Ncxd6
34. Bd3 Nc4 35. Bc5 b1=B+ 36. Kxb1 Nxc3+ 37. Kc2 Na4 38. Bxc4 Nxc5 39. Bxf7 Ne4
40. h4 h6 41. gxh6 gxh6 42. Kd3 Nf6 43. Kd4 Kg7 44. Bg6 Ng4 45. Nd5 Kf8 46. f6
Nxf6 47. Nxf6 Kg7 48. Ke5 Kxg6 49. h5+ Kg5 50. Ke6 Kf4 51. Kf7 Kf5 52. Ne8 Kg5
53. Ng7 Kg4 54. Kg6 {Black resigns} 1-0

[Event "Team 45 45 League T87"]
[Site "Internet Chess Club"]
[Date "2021.01.20"]
[Round "3"]
[White "tryanything"]
[Black "handsomematch"]
[Result "1-0"]
[WhiteElo "1529"]
[BlackElo "1312"]
[Opening "Vienna gambit"]
[ECO "C29"]
[Time "20:00:44"]
[TimeControl "2700+45"]

1. e4 e5 2. Nc3 Nf6 3. f4 d6 4. fxe5 dxe5 5. Bc4 Nc6 6. d3 Bg4 7. Nf3 Nd4 8. Be3
Nxf3+ 9. gxf3 Bh5 10. Qe2 Bd6 11. Qg2 O-O 12. O-O-O a6 13. Rdf1 b5 14. Bd5 Nxd5
15. Rhg1 Bg6 16. Nxd5 c6 17. f4 cxd5 18. f5 Qa5 19. fxg6 fxg6 20. Rxf8+ Bxf8 21.
Kb1 d4 22. Bd2 Qc7 23. h4 Rc8 24. Rc1 Be7 25. Bg5 Bxg5 26. hxg5 Qd6 27. Rh1 Qe7
28. Qh3 Rc7 29. Qxh7+ Kf7 30. Rf1+ Ke6 31. Qxg6+ Kd7 32. Rf7 Kd8 33. Rxe7 Rxe7
34. b3 Kc7 35. Qxa6 Kd8 36. Qxb5 Kc7 {Black resigns} 1-0

[Event "Team 45 45 League T87"]
[Site "Internet Chess Club"]
[Date "2021.01.24"]
[Round "3"]
[White "aec7r3b"]
[Black "Electryon"]
[Result "0-1"]
[WhiteElo "1305"]
[BlackElo "1378"]
[Opening "Scandinavian (center counter) defense"]
[ECO "B01"]
[Time "12:00:37"]
[TimeControl "2700+45"]

1. e4 d5 2. exd5 Qxd5 3. Nc3 Qd8 4. Bb5+ c6 5. Ba4 Nf6 6. Nf3 Bg4 7. h3 Bxf3 8.
Qxf3 Nbd7 9. O-O e6 10. d3 Be7 11. Bf4 O-O 12. Qg3 Nh5 13. Qf3 Nxf4 14. Qxf4 Nc5
15. Bb3 Nxb3 16. axb3 Bg5 17. Qg3 Bf6 18. Ra4 b5 19. Rg4 Qa5 20. b4 Qb6 21. Ne4
Bxb2 22. c3 g6 23. Nf6+ Kh8 24. Rh4 h5 25. Nxh5 Bxc3 26. Nf6+ Kg7 27. Nd7 Qd8
28. Nxf8 Qxf8 29. Rc1 Bxb4 30. Qg4 a5 31. Rxc6 Be7 32. Rc7 Bxh4 33. Qxh4 Qd6 34.
Rb7 Qxd3 35. Qe7 Qf5 36. Qd7 b4 37. Rb5 Qf6 38. Qb7 Qd8 39. Qf3 Rb8 40. Rxb8
Qxb8 41. Qb3 Qb5 42. Qb2+ f6 43. g4 Qe5 44. Qxe5 fxe5 45. Kf1 b3 46. Ke2 b2 47.
Kd2 b1=Q 48. Ke3 a4 49. Kf3 a3 50. Ke2 a2 51. Kd2 a1=Q 52. Ke3 Qd4+ 53. Kf3
Qbe4+ 54. Kg3 Qf4+ 55. Kg2 Qdxf2+ 56. Kh1 Q4h2# {White checkmated} 0-1

[Event "Team 45 45 League T87"]
[Site "Internet Chess Club"]
[Date "2021.01.23"]
[Round "3"]
[White "cap78red"]
[Black "eevee11"]
[Result "0-1"]
[WhiteElo "1441"]
[BlackElo "953"]
[Opening "Grünfeld: modern exchange variation"]
[ECO "D85"]
[Time "12:59:53"]
[TimeControl "2700+45"]

1. c4 Nf6 2. Nc3 d5 3. d4 g6 4. cxd5 Nxd5 5. e4 Nxc3 6. bxc3 Bg7 7. Nf3 c5 8.
Be3 O-O 9. Rb1 Nc6 10. Bc4 Qc7 11. Qb3 cxd4 12. Ng5 Ne5 13. Bf4 Qxc4 14. cxd4
Qxb3 15. Rxb3 Nc6 16. d5 Nd4 17. Rb1 b6 18. Kd2 Ba6 19. Rhc1 Rac8 20. Nf3 Rxc1
21. Rxc1 Ne2 22. Rc7 Nxf4 23. Rxa7 Bc4 24. Rxe7 Bxa2 25. d6 Rd8 26. d7 Kf8 27.
Ne5 Bxe5 28. Rxe5 Rxd7+ 29. Ke3 Nxg2+ 30. Kf3 Ne1+ 31. Ke3 Re7 32. Rb5 Re6 33.
f3 h6 34. Rb2 Bc4 35. Kd4 b5 36. f4 Nd3 37. Rb1 Nxf4 38. h3 Bd3 39. Ra1 Rxe4+
40. Kc5 Ra4 41. Rg1 b4 42. Rg4 b3 43. Rg1 b2 44. h4 b1=Q 45. Rxb1 Bxb1 46. h5
Ra8 47. Kd4 Re8 48. Kc3 Rd8 49. Kb2 Bf5 50. Ka2 Rb8 51. Ka1 Ke7 52. Ka2 Kd6 53.
Ka1 Kc5 54. hxg6 fxg6 55. Ka2 Kc4 56. Ka1 Kc3 {White resigns} 0-1

[Event "Team 45 45 League T87"]
[Site "Internet Chess Club"]
[Date "2021.01.20"]
[Round "3"]
[White "GoIrish"]
[Black "mongmong"]
[Result "1-0"]
[WhiteElo "1515"]
[BlackElo "1405"]
[Opening "Réti opening"]
[ECO "A04"]
[Time "19:04:39"]
[TimeControl "2700+45"]

1. Nf3 e6 2. g3 d5 3. Bg2 Nf6 4. O-O Be7 5. d3 O-O 6. Nbd2 c5 7. e4 b5 8. e5
Nfd7 9. h4 Nc6 10. Re1 Qc7 11. Qe2 a5 12. Nf1 Ba6 13. Bf4 b4 14. Ne3 Nb6 15. Ng4
c4 16. Nf6+ gxf6 17. exf6 Bxf6 18. Bxc7 {Black resigns} 1-0

[Event "Team 45 45 League T87"]
[Site "Internet Chess Club"]
[Date "2021.01.23"]
[Round "3"]
[White "g8wrb"]
[Black "dabodhi"]
[Result "0-1"]
[WhiteElo "1298"]
[BlackElo "1435"]
[Opening "Nimzovich-Larsen attack: modern variation"]
[ECO "A01"]
[Time "15:09:30"]
[TimeControl "2700+45"]

1. b3 e5 2. Bb2 Nc6 3. e3 Nf6 4. Bb5 Bd6 5. Na3 Na5 6. Nf3 Qe7 7. O-O Bxa3 8.
Bxe5 c6 9. Be2 b5 10. Re1 O-O 11. c3 Bd6 12. d4 Bxe5 13. dxe5 Ne4 14. Qd3 d5 15.
exd6 Nxd6 16. Red1 Nab7 17. c4 Bf5 18. Qd4 bxc4 19. Bxc4 Nxc4 20. Qxc4 Be4 21.
Nd2 Bd5 22. Qf4 Nc5 23. Qf5 Rad8 24. Nc4 Bxc4 25. bxc4 Ne4 26. Qa5 Qf6 27. f3
Nc3 {White resigns} 0-1

[Event "Team 45 45 League T87"]
[Site "Internet Chess Club"]
[Date "2021.01.24"]
[Round "3"]
[White "PsyMar"]
[Black "nosir"]
[Result "0-1"]
[WhiteElo "1402"]
[BlackElo "1409"]
[Opening "Sicilian: Najdorf, Opocensky variation"]
[ECO "B92"]
[Time "08:03:51"]
[TimeControl "2700+45"]

1. e4 c5 2. Nf3 d6 3. d4 cxd4 4. Nxd4 a6 5. Be2 Nf6 6. Nc3 e5 7. Nf5 Nxe4 8.
Nxe4 Bxf5 9. Bf3 d5 10. Nd2 Nc6 11. b3 Nd4 12. Bb2 Nxc2+ 13. Kf1 Nxa1 14. Qxa1
Bd3+ 15. Kg1 e4 16. Qe1 Bb4 17. Be2 Bxd2 18. Qxd2 Bxe2 19. Qxe2 O-O 20. g3 Rc8
21. Kg2 Re8 22. Qg4 d4 23. Rd1 h5 24. Qxh5 d3 25. Qg4 g6 26. Qh3 f6 27. Qh6 Qe7
28. Qxg6+ Qg7 29. Qf5 Rc6 30. Bc1 Re5 31. Qf4 Rc2 32. a3 Qg5 33. Qe3 Qxe3 34.
Bxe3 Rd5 35. Kf1 b5 36. h4 f5 37. h5 Kh7 38. Ke1 Ra2 39. Bc1 a5 40. Rd2 Ra1 41.
Rd1 Rc5 42. Kd2 Rc2+ 43. Ke3 Raxc1 44. Rxc1 Rxc1 45. Kd2 Rc2+ 46. Kd1 Rxf2
{White resigns} 0-1

[Event "Team 45 45 League T87"]
[Site "Internet Chess Club"]
[Date "2021.01.24"]
[Round "3"]
[White "seattleblues"]
[Black "Fulmar"]
[Result "1-0"]
[WhiteElo "1288"]
[BlackElo "1160"]
[Opening "QGD semi-Slav: Meran variation"]
[ECO "D47"]
[Time "07:02:11"]
[TimeControl "2700+45"]

1. d4 d5 2. Nf3 c6 3. e3 Nf6 4. c4 e6 5. Nc3 Nbd7 6. Bd3 dxc4 7. Bxc4 b5 8. Bb3
Bb7 9. O-O a6 10. Re1 c5 11. Bc2 Qc7 12. e4 Be7 13. d5 e5 14. b3 b4 15. Na4 O-O
16. Nb2 Rfd8 17. Nc4 Bd6 18. Bb2 Re8 19. Nh4 Rad8 20. Nf5 Nb6 21. Nfxd6 Rxd6 22.
Bxe5 Nxc4 23. Bxd6 Nxd6 24. e5 Nxd5 25. exd6 Rxe1+ 26. Qxe1 Qxd6 27. Qe8+ Qf8
28. Qd7 Qa8 29. Re1 Bc6 30. Qd6 g5 31. Qxc5 Nf4 32. Qxg5+ Kh8 33. Qxf4 Qg8 34.
g3 Qg7 35. Be4 h6 36. Bxc6 Qc3 37. Qe5+ Kg8 38. Qxc3 bxc3 39. Rc1 f5 40. Rxc3
Kg7 41. Bd7 Kf6 42. Rc6+ Kg5 43. Rxa6 h5 44. b4 h4 45. gxh4+ Kxh4 46. Bxf5 Kh5
47. b5 Kg5 48. Bb1 Kf4 49. Kg2 Ke5 50. b6 Kd4 51. b7 Kc3 52. b8=Q Kd2 53. Qb2+
Ke1 54. Re6+ Kd1 55. Qc2# {Black checkmated} 1-0

[Event "Team 45 45 League T87"]
[Site "Internet Chess Club"]
[Date "2021.01.24"]
[Round "3"]
[White "Gojira"]
[Black "cap78red"]
[Result "1-0"]
[WhiteElo "1522"]
[BlackElo "1428"]
[Opening "Queen's pawn game"]
[ECO "A45"]
[Time "06:00:25"]
[TimeControl "2700+45"]

1. d4 Nf6 2. Nc3 d6 3. Bf4 g6 4. e4 Nc6 5. Qd2 Bg7 6. Nf3 h5 7. O-O-O Bg4 8. h3
Bxf3 9. gxf3 e5 10. dxe5 dxe5 11. Be3 Qxd2+ 12. Rxd2 Rd8 13. Rxd8+ Kxd8 14. Bc4
Rf8 15. Bc5 Ne7 16. Rd1+ Ke8 17. Nb5 Nd7 18. Nxc7+ Kd8 19. Nb5 a6 20. Bb6+ Kc8
21. Na7+ Kb8 22. Rxd7 Nc8 23. Nxc8 Rd8 24. Rxd8 {Black resigns} 1-0

[Event "Team 45 45 League T87"]
[Site "Internet Chess Club"]
[Date "2021.01.23"]
[Round "3"]
[White "Validus"]
[Black "rkjulianjr"]
[Result "1/2-1/2"]
[WhiteElo "1411"]
[BlackElo "1365"]
[Opening "Queen's pawn, Mason variation, Steinitz counter-gambit"]
[ECO "D00"]
[Time "09:06:24"]
[TimeControl "2700+45"]

1. d4 d5 2. Bf4 c5 3. e3 Nc6 4. c3 Nf6 5. Nd2 Bf5 6. Ngf3 e6 7. Qb3 Qd7 8. Ne5
Nxe5 9. Bxe5 c4 10. Qd1 Be7 11. Nf3 O-O 12. Bxf6 Bxf6 13. Be2 b5 14. h3 a5 15.
g4 Be4 16. h4 Bxf3 17. Bxf3 Be7 18. g5 b4 19. Bg4 Qc7 20. f4 bxc3 21. bxc3 Rfb8
22. h5 Rb2 23. g6 h6 24. gxf7+ Kxf7 25. O-O Qd6 26. Qf3 Rab8 27. Rf2 Rb1+ 28.
Rxb1 Rxb1+ 29. Kg2 Qa3 30. Qh3 Qc1 31. Bxe6+ Kf8 32. Qf5+ Bf6 33. Qh3 Qg1+ 34.
Kf3 Qd1+ 35. Re2 Rb2 36. Qg2 Rxe2 37. Qxe2 Qh1+ 38. Qg2 Qxh5+ 39. Bg4 Qe8 40.
Qc2 h5 41. Bh3 h4 42. Qf5 Qc6 43. Qc8+ Qxc8 44. Bxc8 Ke7 45. Kg4 Kd6 46. f5 Kc7
47. Be6 Kd6 48. a4 g6 49. Bc8 g5 {Game drawn by mutual agreement} 1/2-1/2

[Event "Team 45 45 League T87"]
[Site "Internet Chess Club"]
[Date "2021.01.24"]
[Round "3"]
[White "CMAlge"]
[Black "bardu"]
[Result "1-0"]
[WhiteElo "1237"]
[BlackElo "1366"]
[Opening "Sicilian: closed, 2...Nc6"]
[ECO "B23"]
[Time "13:26:32"]
[TimeControl "2700+45"]

1. e4 c5 2. Nc3 Nc6 3. Bb5 Nd4 4. Nf3 Nxb5 5. Nxb5 d6 6. d3 g6 7. O-O Qb6 8. Nc3
Bg7 9. Nd5 Qc6 10. Qe2 e6 11. Ne3 Nf6 12. e5 dxe5 13. Nxe5 Qc7 14. Nf3 O-O 15.
Bd2 b6 16. Bc3 Bb7 17. Ne5 Nh5 18. f4 Nxf4 19. Rxf4 Bxe5 20. Rh4 Bxc3 21. bxc3
Rad8 22. Rf1 Qe5 23. Ng4 Qxe2 24. Nf6+ Kg7 25. Rxh7# {Black checkmated} 1-0

[Event "Team 45 45 League T87"]
[Site "Internet Chess Club"]
[Date "2021.01.23"]
[Round "3"]
[White "Kidpython"]
[Black "seldredg"]
[Result "1/2-1/2"]
[WhiteElo "1174"]
[BlackElo "1319"]
[Opening "King's pawn opening"]
[ECO "B07"]
[Time "13:01:06"]
[TimeControl "2700+45"]

1. e4 d6 2. Nf3 Nf6 3. Nc3 Nbd7 4. Bc4 h6 5. d4 e5 6. Be3 Ng4 7. dxe5 Nxe3 8.
fxe3 dxe5 9. Qd5 Qe7 10. O-O Nb6 11. Qxe5 Nxc4 12. Qb5+ c6 13. Qxc4 Be6 14. Qd3
Rd8 15. Qe2 Qc7 16. a3 Be7 17. Rad1 O-O 18. Nd4 Bc8 19. b4 Qe5 20. Rd3 Bd6 21.
Nf3 Qe8 22. Rfd1 Qe7 23. e5 Bc7 24. Rxd8 Rxd8 25. Rxd8+ Qxd8 26. Qd3 Qe7 27. Qd4
b6 28. Ne4 Bf5 29. c4 Be6 30. c5 b5 31. Nd6 a5 32. bxa5 Bxa5 33. Nh4 g6 34. Qf4
Kg7 35. h3 Kh7 36. Qf6 Qxf6 37. exf6 Bc3 38. Ne4 Bb2 39. Nf3 Bxa3 40. Nd4 Bd7
41. Kf2 Kg8 42. Kf3 Kf8 43. Kf4 Bc1 44. Nd6 b4 45. Kf3 Bb2 46. Nc4 Ba1 47. Nd2
Ke8 48. g4 Bc3 49. Ne4 Kf8 50. Nxc3 bxc3 51. Ke2 Ke8 52. Kd3 c2 53. Kxc2 Kd8 54.
Kc3 Kc7 55. Kc4 Bc8 56. e4 Ba6+ 57. Kc3 Bf1 58. h4 Bh3 59. g5 h5 60. e5 Kd7 61.
Kd3 Bf1+ 62. Ke4 Bg2+ {Game drawn by mutual agreement} 1/2-1/2

[Event "Team 45 45 League T87"]
[Site "Internet Chess Club"]
[Date "2021.01.21"]
[Round "3"]
[White "Packerfan"]
[Black "Ajolote"]
[Result "1/2-1/2"]
[WhiteElo "1806"]
[BlackElo "2054"]
[Opening "French defense, Steiner variation"]
[ECO "A13"]
[Time "14:00:47"]
[TimeControl "2700+45"]

1. c4 e6 2. e4 c5 3. Nc3 Nc6 4. g3 Nf6 5. Bg2 a6 6. Nge2 Rb8 7. a4 Be7 8. O-O d6
9. d4 cxd4 10. Nxd4 Qb6 11. Nde2 O-O 12. Be3 Qc7 13. h3 b6 14. b3 Bb7 15. Qd2
Rfd8 16. Rfd1 Ne5 17. f4 Ned7 18. Qc2 h5 19. Nd4 Nc5 20. f5 d5 21. exd5 exd5 22.
Bf4 Bd6 23. Nde2 Bxf4 24. Nxf4 dxc4 25. bxc4 h4 26. Bxb7 Qxb7 27. Nfd5 Nxd5 28.
Nxd5 Re8 29. gxh4 Re4 30. f6 Rbe8 31. Qg2 g6 32. h5 Kh7 33. hxg6+ fxg6 34. Ne7
R8xe7 35. fxe7 Qxe7 {Game drawn by mutual agreement} 1/2-1/2